[ PARTIDA AOE2 · #475219828 ]
Team RMMuiscas vs Burgundians
[ ANÁLISIS DE REPETICIÓN · EXTRAÍDO DE LA PARTIDA GRABADA ]
Feudal
11:04
Castillos
30:04
Imperial
—
| APM promedio | 36.3 |
| APM pico | 76 |
| eAPM promedio | 17.6 |
| Aldeanos / militares | 66 / 11 |
Foco
⚔️ 19.6% · 🌾 80.4%
Unknown (2550) ×77 · Skirmisher ×11
Feudal
11:49
Castillos
24:59
Imperial
—
| APM promedio | 15.9 |
| APM pico | 38 |
| eAPM promedio | 8.5 |
| Aldeanos / militares | 41 / 32 |
Foco
⚔️ 19.8% · 🌾 80.2%
Spearman ×11 · Militia ×9 · Archer ×8 · Battering Ram ×3 · Mangonel ×1
Feudal
12:00
Castillos
27:07
Imperial
—
| APM promedio | 18.2 |
| APM pico | 58 |
| eAPM promedio | 9.2 |
| Aldeanos / militares | 33 / 17 |
Foco
⚔️ 29.7% · 🌾 70.3%
Spearman ×13 · Knight ×4
Feudal
10:13
Castillos
25:02
Imperial
—
| APM promedio | 40.6 |
| APM pico | 96 |
| eAPM promedio | 14.8 |
| Aldeanos / militares | 80 / 34 |
Foco
⚔️ 17.9% · 🌾 82.1%
Boyar ×15 · Knight ×10 · Scout Cavalry ×6 · Spearman ×3 · Trade Cart ×3
Mapa de la partida
Recursos iniciales + cada clic de construcción. Líneas = muros · curvas = relieve. ◆ oro · ⬟ piedra · ● bayas · ✦ reliquia · ◌ hueco del cierre
Tu base· Abierta — flanco sin cerrar
Base de Xeuro· Abierta — flanco sin cerrar
Base de jorgeage2000· Abierta — hueco de 5t
Base de HOMBREOSOCERDO· Abierta — flanco sin cerrar
Terreno inicial suavizado · ◌ = hueco del cierre detectado · pasá el cursor para detalles
Inputs por minuto
— ColoGas - - Xeuro
Build order — ColoGas
Primeras 150 de 239 acciones detectadas
| 0:02 | Crear | Villager (Male) |
| 0:02 | Investigar | Loom |
| 0:02 | Crear | Villager (Male) |
| 0:02 | Crear | Villager (Male) |
| 0:03 | Crear | Villager (Male) |
| 0:03 | Crear | Villager (Male) |
| 0:05 | Construir | House |
| 0:09 | Construir | House |
| 1:37 | Crear | Villager (Male) |
| 1:37 | Crear | Villager (Male) |
| 2:36 | Crear | Villager (Male) |
| 2:51 | Construir | Settlement |
| 2:58 | Crear | Villager (Male) |
| 2:59 | Crear | Villager (Male) |
| 3:06 | Construir | House |
| 3:07 | Construir | House |
| 3:35 | Crear | Villager (Male) |
| 3:36 | Crear | Villager (Male) |
| 4:30 | Crear | Villager (Male) |
| 4:30 | Crear | Villager (Male) |
| 4:31 | Crear | Villager (Male) |
| 4:31 | Crear | Villager (Male) |
| 4:55 | Crear | Villager (Male) |
| 5:28 | Construir | Settlement |
| 6:07 | Crear | Villager (Male) |
| 6:08 | Crear | Villager (Male) |
| 6:48 | Crear | Villager (Male) |
| 6:54 | Crear | Villager (Male) |
| 7:17 | Crear | Villager (Male) |
| 8:04 | Crear | Villager (Male) |
| 8:15 | Crear | Villager (Male) |
| 8:21 | Crear | Villager (Male) |
| 8:44 | Investigar | Feudal Age |
| 8:54 | Construir | House |
| 8:58 | Construir | House |
| 8:59 | Construir | House |
| 9:28 | Crear | Villager (Male) |
| 9:28 | Crear | Villager (Male) |
| 9:39 | Construir | Barracks |
| 9:53 | Crear | Villager (Male) |
| 10:17 | Crear | Villager (Male) |
| 10:26 | Construir | Farm |
| 10:27 | Construir | Farm |
| 10:27 | Construir | Farm |
| 10:28 | Construir | Farm |
| 10:29 | Construir | Farm |
| 10:29 | Construir | Farm |
| 10:29 | Construir | Farm |
| 10:29 | Construir | Farm |
| 10:30 | Construir | Farm |
| 10:30 | Construir | Farm |
| 10:31 | Construir | Farm |
| 10:31 | Construir | Farm |
| 11:04 | Crear | Unit 2550 |
| 11:04 | Crear | Unit 2550 |
| 11:04 | Edad | Edad Feudal |
| 11:04 | Crear | Unit 2550 |
| 11:04 | Crear | Unit 2550 |
| 11:05 | Crear | Unit 2550 |
| 11:05 | Crear | Unit 2550 |
| 11:05 | Crear | Unit 2550 |
| 11:13 | Construir | House |
| 11:14 | Construir | House |
| 11:15 | Crear | Villager (Male) |
| 11:39 | Crear | Villager (Male) |
| 11:47 | Investigar | Tech 1402 |
| 11:47 | Crear | Unit 2550 |
| 11:48 | Crear | Unit 2550 |
| 12:10 | Crear | Villager (Male) |
| 12:21 | Crear | Villager (Male) |
| 12:28 | Construir | Blacksmith |
| 12:43 | Crear | Unit 2550 |
| 12:43 | Crear | Unit 2550 |
| 12:55 | Construir | Farm |
| 12:56 | Construir | Farm |
| 12:57 | Construir | Farm |
| 12:57 | Construir | Farm |
| 12:57 | Construir | Farm |
| 12:57 | Construir | Farm |
| 12:58 | Construir | Farm |
| 12:58 | Construir | Farm |
| 12:58 | Construir | Farm |
| 12:59 | Construir | Farm |
| 12:59 | Construir | Farm |
| 12:59 | Construir | Farm |
| 12:59 | Construir | Farm |
| 13:00 | Construir | Farm |
| 13:00 | Construir | Farm |
| 13:00 | Construir | Farm |
| 13:01 | Construir | Farm |
| 13:01 | Construir | Farm |
| 13:01 | Construir | Farm |
| 13:01 | Construir | Farm |
| 13:02 | Construir | Farm |
| 13:02 | Construir | Farm |
| 13:02 | Construir | Farm |
| 13:03 | Construir | Farm |
| 13:04 | Construir | Farm |
| 13:04 | Construir | Farm |
| 13:05 | Construir | Farm |
| 13:05 | Construir | Farm |
| 13:05 | Construir | Farm |
| 13:05 | Construir | Farm |
| 13:06 | Construir | Farm |
| 13:06 | Construir | Farm |
| 13:06 | Construir | Farm |
| 13:06 | Construir | Farm |
| 13:07 | Construir | Farm |
| 13:07 | Construir | Farm |
| 13:07 | Construir | Farm |
| 13:07 | Construir | Farm |
| 13:08 | Construir | Farm |
| 13:08 | Construir | Farm |
| 13:08 | Construir | Farm |
| 13:09 | Construir | Farm |
| 13:09 | Construir | Farm |
| 13:09 | Construir | Farm |
| 13:09 | Construir | Farm |
| 13:10 | Construir | Farm |
| 13:10 | Construir | Farm |
| 13:10 | Construir | Farm |
| 13:10 | Construir | Farm |
| 13:11 | Construir | Farm |
| 13:11 | Construir | Farm |
| 13:12 | Construir | Farm |
| 13:13 | Construir | Farm |
| 13:13 | Construir | Farm |
| 13:14 | Construir | Farm |
| 13:15 | Construir | Farm |
| 13:15 | Construir | Farm |
| 13:15 | Construir | Farm |
| 13:16 | Construir | Farm |
| 13:16 | Construir | Farm |
| 13:16 | Construir | Farm |
| 13:21 | Crear | Villager (Male) |
| 13:31 | Investigar | Forging |
| 13:42 | Construir | Farm |
| 13:47 | Crear | Unit 2550 |
| 13:47 | Crear | Unit 2550 |
| 13:54 | Construir | House |
| 14:07 | Crear | Villager (Male) |
| 14:36 | Crear | Unit 2550 |
| 14:37 | Crear | Unit 2550 |
| 14:37 | Crear | Unit 2550 |
| 14:44 | Construir | Barracks |
| 15:49 | Construir | Watch Tower |
| 15:55 | Construir | House |
| 15:56 | Construir | House |
| 16:12 | Crear | Unit 2550 ×5 |
| 16:12 | Crear | Unit 2550 ×5 |
Build order — Xeuro
86 acciones detectadas en el replay
| 0:08 | Crear | Villager (Male) ×4 |
| 0:10 | Construir | House |
| 0:46 | Construir | Lumber Camp |
| 0:55 | Construir | Lumber Camp |
| 1:44 | Crear | Villager (Male) |
| 1:56 | Construir | House |
| 2:02 | Construir | House |
| 2:04 | Construir | House |
| 2:11 | Investigar | Loom |
| 2:30 | Crear | Villager (Male) |
| 2:58 | Crear | Villager (Male) |
| 3:45 | Crear | Villager (Male) |
| 3:53 | Crear | Villager (Male) |
| 4:42 | Crear | Villager (Male) ×3 |
| 4:57 | Construir | Mill |
| 5:09 | Crear | Villager (Male) |
| 6:06 | Crear | Villager (Male) |
| 6:06 | Crear | Villager (Male) |
| 6:06 | Crear | Villager (Male) |
| 6:49 | Construir | Mill |
| 7:41 | Crear | Villager (Male) |
| 8:08 | Crear | Villager (Male) |
| 8:29 | Construir | House |
| 8:35 | Construir | House |
| 8:41 | Crear | Villager (Male) |
| 9:06 | Crear | Villager (Male) |
| 9:35 | Construir | Barracks |
| 9:39 | Investigar | Feudal Age |
| 9:53 | Construir | Lumber Camp |
| 10:37 | Construir | Mining Camp |
| 11:17 | Construir | Lumber Camp |
| 11:49 | Edad | Edad Feudal |
| 11:53 | Crear | Spearman ×5 |
| 11:54 | Crear | Villager (Male) ×5 |
| 12:42 | Construir | Archery Range |
| 12:58 | Construir | Farm |
| 12:58 | Construir | Farm |
| 13:16 | Crear | Archer ×2 |
| 13:29 | Construir | House |
| 13:32 | Construir | House |
| 13:37 | Crear | Archer |
| 13:42 | Crear | Villager (Male) ×5 |
| 14:21 | Construir | Farm |
| 14:22 | Construir | Farm |
| 14:39 | Crear | Spearman |
| 16:15 | Crear | Villager (Male) ×3 |
| 16:47 | Construir | Farm |
| 16:47 | Construir | Farm |
| 16:48 | Construir | Farm |
| 16:48 | Construir | Farm |
| 17:16 | Crear | Archer ×5 |
| 17:26 | Construir | Market |
| 17:40 | Crear | Spearman ×5 |
| 18:14 | Construir | Watch Tower |
| 18:25 | Investigar | Town Watch |
| 18:26 | Crear | Villager (Male) |
| 19:09 | Construir | Farm |
| 19:10 | Construir | Farm |
| 19:11 | Construir | Farm |
| 19:13 | Construir | Farm |
| 19:14 | Construir | Farm |
| 19:19 | Construir | Farm |
| 19:20 | Construir | Farm |
| 19:38 | Crear | Villager (Male) |
| 19:44 | Construir | House |
| 19:47 | Construir | House |
| 19:49 | Construir | House |
| 20:28 | Investigar | Man-at-Arms (upgrade) |
| 21:13 | Crear | Militia ×5 |
| 21:32 | Investigar | Arson |
| 22:02 | Construir | Blacksmith |
| 22:19 | Investigar | Castle Age |
| 22:49 | Construir | Mining Camp |
| 23:33 | Construir | Farm |
| 23:38 | Investigar | Fletching |
| 23:57 | Investigar | Wheelbarrow |
| 24:59 | Edad | Edad de los Castillos |
| 25:04 | Construir | Siege Workshop |
| 25:25 | Crear | Villager (Male) ×5 |
| 25:46 | Crear | Mangonel |
| 27:10 | Crear | Battering Ram |
| 27:47 | Investigar | Bodkin Arrow |
| 28:29 | Crear | Militia ×4 |
| 29:05 | Crear | Villager (Male) |
| 29:10 | Crear | Battering Ram |
| 30:08 | Crear | Battering Ram |
Build order — jorgeage2000
103 acciones detectadas en el replay
| 0:03 | Crear | Villager (Male) |
| 0:03 | Crear | Villager (Male) |
| 0:03 | Crear | Villager (Male) |
| 0:04 | Crear | Villager (Male) |
| 0:06 | Construir | House |
| 0:07 | Construir | House |
| 1:49 | Crear | Villager (Male) |
| 1:49 | Crear | Villager (Male) |
| 2:13 | Crear | Villager (Male) |
| 2:32 | Construir | House |
| 2:36 | Construir | House |
| 2:39 | Construir | House |
| 2:44 | Crear | Villager (Male) |
| 2:44 | Crear | Villager (Male) |
| 3:12 | Crear | Villager (Male) |
| 3:12 | Crear | Villager (Male) |
| 3:13 | Crear | Villager (Male) |
| 3:51 | Construir | Mill |
| 4:18 | Crear | Villager (Male) |
| 4:18 | Crear | Villager (Male) |
| 4:18 | Crear | Villager (Male) |
| 4:49 | Crear | Villager (Male) |
| 4:50 | Crear | Villager (Male) |
| 4:50 | Crear | Villager (Male) |
| 6:03 | Crear | Villager (Male) |
| 6:04 | Crear | Villager (Male) |
| 6:04 | Crear | Villager (Male) |
| 6:27 | Construir | Lumber Camp |
| 6:56 | Investigar | Wheelbarrow |
| 8:02 | Crear | Villager (Male) |
| 8:13 | Crear | Villager (Male) |
| 8:17 | Investigar | Loom |
| 9:05 | Construir | Mining Camp |
| 9:50 | Investigar | Feudal Age |
| 10:05 | Investigar | Double-Bit Axe |
| 10:08 | Investigar | Horse Collar |
| 11:58 | Construir | Mill |
| 12:00 | Edad | Edad Feudal |
| 12:03 | Investigar | Hand Cart |
| 12:06 | Investigar | Bow Saw |
| 12:17 | Crear | Villager (Male) |
| 12:17 | Crear | Villager (Male) |
| 12:23 | Investigar | Heavy Plow |
| 13:32 | Construir | Stone Wall |
| 13:44 | Construir | Stone Wall |
| 13:55 | Construir | Farm |
| 13:58 | Construir | Farm |
| 14:01 | Construir | Farm |
| 15:53 | Construir | Palisade Wall |
| 16:00 | Construir | Palisade Wall |
| 17:09 | Construir | Palisade Wall |
| 17:16 | Construir | Palisade Gate |
| 17:29 | Construir | Palisade Wall |
| 18:03 | Construir | Stone Wall |
| 18:20 | Construir | Lumber Camp |
| 19:03 | Construir | Farm |
| 19:19 | Construir | Farm |
| 20:00 | Construir | Barracks |
| 20:43 | Crear | Villager (Male) |
| 20:43 | Crear | Villager (Male) |
| 21:12 | Construir | Blacksmith |
| 21:15 | Crear | Spearman |
| 21:15 | Crear | Spearman |
| 21:19 | Crear | Spearman |
| 21:24 | Construir | Farm |
| 21:52 | Construir | Stone Wall |
| 21:56 | Construir | Stone Wall |
| 21:58 | Crear | Villager (Male) |
| 21:59 | Crear | Villager (Male) |
| 22:12 | Crear | Spearman |
| 22:13 | Crear | Spearman |
| 22:53 | Construir | Palisade Wall |
| 23:08 | Construir | Market |
| 23:12 | Crear | Villager (Male) |
| 23:12 | Crear | Villager (Male) |
| 23:54 | Crear | Villager (Male) |
| 23:54 | Crear | Villager (Male) |
| 24:23 | Investigar | Castle Age |
| 24:38 | Investigar | Gold Mining |
| 24:41 | Investigar | Stone Mining |
| 25:25 | Crear | Spearman |
| 25:25 | Crear | Spearman |
| 25:37 | Construir | House |
| 25:39 | Construir | House |
| 25:40 | Construir | House |
| 26:17 | Construir | Stable |
| 26:40 | Construir | Mining Camp |
| 27:07 | Edad | Edad de los Castillos |
| 27:16 | Construir | Town Center |
| 27:27 | Investigar | Pikeman (upgrade) |
| 27:29 | Crear | Spearman |
| 27:29 | Crear | Spearman |
| 27:33 | Crear | Knight |
| 27:33 | Crear | Knight |
| 28:39 | Crear | Spearman |
| 28:40 | Crear | Spearman |
| 28:42 | Crear | Knight |
| 28:43 | Crear | Knight |
| 29:37 | Construir | Gate |
| 29:48 | Crear | Spearman |
| 29:48 | Crear | Spearman |
| 31:26 | Construir | Farm |
| 31:34 | Construir | Farm |
Build order — HOMBREOSOCERDO
Primeras 150 de 205 acciones detectadas
| 0:01 | Crear | Villager (Male) |
| 0:01 | Crear | Villager (Male) |
| 0:02 | Crear | Villager (Male) |
| 0:02 | Crear | Villager (Male) |
| 0:02 | Crear | Villager (Male) |
| 0:04 | Construir | House |
| 0:06 | Construir | House |
| 1:23 | Crear | Villager (Male) |
| 1:23 | Crear | Villager (Male) |
| 1:56 | Construir | Lumber Camp |
| 2:00 | Crear | Villager (Male) |
| 2:01 | Crear | Villager (Male) |
| 2:32 | Crear | Villager (Male) |
| 2:32 | Crear | Villager (Male) |
| 2:35 | Construir | House |
| 2:42 | Construir | House |
| 2:50 | Crear | Villager (Male) |
| 2:50 | Crear | Villager (Male) |
| 2:50 | Crear | Villager (Male) |
| 3:12 | Crear | Villager (Male) |
| 3:12 | Crear | Villager (Male) |
| 4:02 | Crear | Villager (Male) |
| 4:02 | Crear | Villager (Male) |
| 4:02 | Crear | Villager (Male) |
| 4:20 | Crear | Villager (Male) |
| 4:21 | Crear | Villager (Male) |
| 4:21 | Crear | Villager (Male) |
| 4:21 | Crear | Villager (Male) |
| 4:49 | Crear | Villager (Male) |
| 4:50 | Crear | Villager (Male) |
| 4:50 | Crear | Villager (Male) |
| 5:13 | Construir | Barracks |
| 6:03 | Crear | Villager (Male) |
| 6:03 | Crear | Villager (Male) |
| 6:03 | Crear | Villager (Male) |
| 6:04 | Crear | Villager (Male) |
| 6:51 | Construir | Mill |
| 6:57 | Investigar | Loom |
| 8:03 | Investigar | Feudal Age |
| 8:04 | Investigar | Feudal Age |
| 8:58 | Construir | Mill |
| 9:31 | Construir | Farm |
| 9:43 | Construir | Lumber Camp |
| 10:13 | Edad | Edad Feudal |
| 10:16 | Construir | Stable |
| 10:30 | Investigar | Double-Bit Axe |
| 10:37 | Construir | House |
| 10:39 | Construir | House |
| 11:05 | Crear | Scout Cavalry |
| 11:06 | Crear | Scout Cavalry |
| 11:06 | Crear | Scout Cavalry |
| 11:06 | Crear | Scout Cavalry |
| 11:06 | Crear | Scout Cavalry |
| 11:06 | Crear | Scout Cavalry |
| 11:41 | Construir | Blacksmith |
| 12:27 | Investigar | Forging |
| 12:30 | Crear | Villager (Male) |
| 12:30 | Crear | Villager (Male) |
| 12:30 | Crear | Villager (Male) |
| 12:30 | Crear | Villager (Male) |
| 12:32 | Construir | Farm |
| 12:32 | Construir | Farm |
| 12:32 | Construir | Farm |
| 12:33 | Construir | Farm |
| 12:33 | Construir | Farm |
| 12:33 | Construir | Farm |
| 12:33 | Construir | Farm |
| 13:00 | Construir | Farm |
| 13:01 | Construir | Farm |
| 13:01 | Construir | Farm |
| 13:01 | Construir | Farm |
| 13:01 | Construir | Farm |
| 13:28 | Crear | Villager (Male) |
| 13:29 | Crear | Villager (Male) |
| 13:29 | Crear | Villager (Male) |
| 13:38 | Crear | Spearman |
| 13:38 | Crear | Spearman |
| 13:38 | Crear | Spearman |
| 14:52 | Crear | Villager (Male) |
| 14:53 | Crear | Villager (Male) |
| 14:53 | Crear | Villager (Male) |
| 14:53 | Crear | Villager (Male) |
| 14:53 | Crear | Villager (Male) |
| 14:55 | Construir | Farm |
| 14:55 | Construir | Farm |
| 14:56 | Construir | Farm |
| 14:56 | Construir | Farm |
| 14:56 | Construir | Farm |
| 14:56 | Construir | Farm |
| 15:13 | Construir | House |
| 15:14 | Construir | House |
| 15:45 | Crear | Villager (Male) |
| 15:45 | Crear | Villager (Male) |
| 15:45 | Crear | Villager (Male) |
| 15:46 | Crear | Villager (Male) |
| 15:46 | Crear | Villager (Male) |
| 15:53 | Construir | Mining Camp |
| 16:26 | Crear | Villager (Male) |
| 16:27 | Crear | Villager (Male) |
| 16:27 | Crear | Villager (Male) |
| 16:27 | Crear | Villager (Male) |
| 16:27 | Crear | Villager (Male) |
| 16:30 | Construir | Farm |
| 16:30 | Construir | Farm |
| 16:30 | Construir | Farm |
| 16:31 | Construir | Farm |
| 16:31 | Construir | Farm |
| 16:31 | Construir | Farm |
| 16:31 | Construir | Farm |
| 18:03 | Construir | Farm |
| 18:09 | Construir | Market |
| 18:11 | Construir | House |
| 18:21 | Construir | Farm |
| 18:22 | Construir | Farm |
| 18:22 | Construir | Farm |
| 18:22 | Construir | Farm |
| 18:23 | Construir | Farm |
| 18:24 | Crear | Villager (Male) |
| 18:24 | Crear | Villager (Male) |
| 18:24 | Crear | Villager (Male) |
| 18:24 | Crear | Villager (Male) |
| 18:24 | Crear | Villager (Male) |
| 19:03 | Construir | Farm |
| 19:13 | Construir | Farm |
| 21:25 | Construir | Mining Camp |
| 21:31 | Investigar | Castle Age |
| 21:37 | Investigar | Scale Barding Armor |
| 21:42 | Investigar | Horse Collar |
| 21:50 | Crear | Trade Cart |
| 21:50 | Crear | Trade Cart |
| 21:50 | Crear | Trade Cart |
| 22:46 | Investigar | Wheelbarrow |
| 22:47 | Investigar | Town Watch |
| 22:53 | Investigar | Bloodlines |
| 22:53 | Investigar | Bloodlines |
| 22:58 | Investigar | Gold Mining |
| 23:04 | Construir | House |
| 23:06 | Construir | House |
| 25:02 | Edad | Edad de los Castillos |
| 25:36 | Crear | Knight |
| 25:36 | Crear | Knight |
| 25:36 | Crear | Knight |
| 25:37 | Crear | Knight |
| 25:37 | Crear | Knight |
| 25:37 | Crear | Knight |
| 25:37 | Crear | Knight |
| 26:09 | Crear | Knight |
| 26:10 | Crear | Knight |
| 26:10 | Crear | Knight |
| 26:33 | Investigar | Hand Cart |
Cronología de la partida
| 5:13 | HOMBREOSOCERDO · first_building Barracks |
| 9:35 | Xeuro · first_building Barracks |
| 9:39 | ColoGas · first_building Barracks |
| 10:13 | HOMBREOSOCERDO · age_up feudal |
| 10:16 | HOMBREOSOCERDO · first_building Stable |
| 11:04 | ColoGas · age_up feudal |
| 11:49 | Xeuro · age_up feudal |
| 12:00 | jorgeage2000 · age_up feudal |
| 12:42 | Xeuro · first_building Archery Range |
| 13:32 | jorgeage2000 · wall_segment Stone Wall x16 |
| 13:44 | jorgeage2000 · wall_segment Stone Wall x19 |
| 15:53 | jorgeage2000 · wall_segment Palisade Wall x7 |
| 16:00 | jorgeage2000 · wall_segment Palisade Wall x5 |
| 17:09 | jorgeage2000 · wall_segment Palisade Wall x7 |
| 17:29 | jorgeage2000 · wall_segment Palisade Wall x2 |
| 18:03 | jorgeage2000 · wall_segment Stone Wall x6 |
| 19:27 | ColoGas · first_building Archery Range |
| 20:00 | jorgeage2000 · first_building Barracks |
| 21:52 | jorgeage2000 · wall_segment Stone Wall x3 |
| 21:56 | jorgeage2000 · wall_segment Stone Wall x1 |
| 22:08 | Xeuro · first_market_sell 500 wood |
| 22:10 | Xeuro · first_market_buy 100 food |
| 22:53 | jorgeage2000 · wall_segment Palisade Wall x3 |
| 24:59 | Xeuro · age_up castle |
| 25:02 | HOMBREOSOCERDO · age_up castle |
| 25:04 | Xeuro · first_building Siege Workshop |
| 26:17 | jorgeage2000 · first_building Stable |
| 27:07 | jorgeage2000 · age_up castle |
| 27:08 | HOMBREOSOCERDO · first_building Castle |
| 27:08 | jorgeage2000 · first_market_buy 100 stone |
| 27:09 | ColoGas · first_market_buy 100 food |
| 30:04 | ColoGas · age_up castle |
| 30:09 | ColoGas · first_building Castle |
| 31:21 | HOMBREOSOCERDO · first_market_sell 500 food |
| 31:25 | HOMBREOSOCERDO · first_market_buy 100 wood |
| 31:32 | Xeuro · resign |
[ ANÁLISIS IA · 1 CRÉDITO ]
¿Qué pasó realmente en esta partida?
Wolo.gg analiza cada decisión: build order, eco, micro, errores típicos por bracket. Análisis personalizado por WhatsApp o Discord en 30 segundos.
Guía civ
Muiscas
Guía mapa
Arabia
Perfil
Jugador #19629979